PA
WALLA WALLA WALLEYE @ GWINNETT COUNTY BLACK CATS
07/30/2025
 
TOP OF THE 1ST
Walla Walla Walleye batting - Pitching for Gwinnett County Black Cats : RHP Phillipp Vorburger
Pitching: RHP Phillipp Vorburger
Batting: RHB Isuru Tanaka 0-0: Ball
1-0: Ground out 6-3 (Groundball, 6S)
Batting: SHB António Zúñiga 0-0: SINGLE (Groundball, 56D)
Batting: LHB Michael Malloy 0-0: Fly out, F7 (Flyball, 7LS)
Batting: RHB Joe Dundee 0-0: Called Strike
0-1: Ball
1-1: Foul Ball, location: 2F
1-2: Strikes out looking
Top of the 1st over - 0 run(s), 1 hit(s), 0 error(s), 1 left on base; Walla Walla 0 - Gwinnett County 0
BOTTOM OF THE 1ST
Gwinnett County Black Cats batting - Pitching for Walla Walla Walleye : RHP Anatoly Ivanovich
Pitching: RHP Anatoly Ivanovich
Batting: LHB Darrell Woodmansee 0-0: Called Strike
0-1: Ball
1-1: Foul Ball, location: 2F
1-2: Strikes out swinging
Batting: RHB Luis Guerrero 0-0: Called Strike
0-1: SINGLE (Groundball, 34D)
Batting: RHB Dave Shaw 0-0: Ball
1-0: Called Strike
1-1: Ball
2-1: Ball
3-1: Called Strike
3-2: Foul Ball, location: 2F
3-2: Base on Balls
Luis Guerrero to second
Batting: RHB Cosmo Bjorkenheim 0-0: Ball
1-0: Foul Ball, location: 2F
1-1: Fly out, F8 (Flyball, 8LS)
Batting: RHB Bobby Butterfield 0-0: Fly out, F7 (Flyball, 7)
Bottom of the 1st over - 0 run(s), 1 hit(s), 0 error(s), 2 left on base; Walla Walla 0 - Gwinnett County 0
TOP OF THE 2ND
Walla Walla Walleye batting - Pitching for Gwinnett County Black Cats : RHP Phillipp Vorburger
Batting: LHB Gareth Monahan 0-0: Ball
1-0: Fly out, F7 (Flyball, 7S)
Batting: SHB Horatio McAllister 0-0: Ball
1-0: Ball
2-0: Ground out 6-3 (Groundball, 6M)
Batting: RHB Carey Heidemann 0-0: Called Strike
0-1: Ball
1-1: Ground out 1-3 (Groundball, P)
Top of the 2nd over - 0 run(s), 0 hit(s), 0 error(s), 0 left on base; Walla Walla 0 - Gwinnett County 0
BOTTOM OF THE 2ND
Gwinnett County Black Cats batting - Pitching for Walla Walla Walleye : RHP Anatoly Ivanovich
Batting: RHB Aaron Taylor 0-0: Called Strike
0-1: Ball
1-1: Foul Ball, location: 2F
1-2: Strikes out looking
Batting: RHB King Tracy 0-0: Ball
1-0: Called Strike
1-1: Foul Ball, location: 2F
1-2: SINGLE (Groundball, 34D)
Batting: RHB Sidney Mackell 0-0: Called Strike
0-1: Ball
1-1: Called Strike
1-2: SINGLE (Groundball, 6MD)
King Tracy to second
Batting: RHB Wallis Fortuna 0-0: DOUBLE (Line Drive, 89M)
King Tracy scores
Sidney Mackell to third
Batting: LHB Darrell Woodmansee 0-0: Ball
1-0: Foul Ball, location: 2F
1-1: Ball
2-1: SINGLE (Groundball, 4MD)
Sidney Mackell scores
Wallis Fortuna to third
Runner from 3rd tries for Home, SAFE, no throw
Batting: RHB Luis Guerrero 0-0: Foul Ball, location: 2F
0-1: Ground out 5-3 (Groundball, 56S)
Darrell Woodmansee to second
Batting: RHB Dave Shaw 0-0: Foul Ball, location: 2F
0-1: Ball
1-1: Swinging Strike
1-2: Ball
2-2: Foul Ball, location: 2F
2-2: Ball
3-2: Foul Ball, location: 2F
3-2: Ground out 6-3 (Groundball, 56)
Bottom of the 2nd over - 3 run(s), 4 hit(s), 0 error(s), 1 left on base; Walla Walla 0 - Gwinnett County 3
TOP OF THE 3RD
Walla Walla Walleye batting - Pitching for Gwinnett County Black Cats : RHP Phillipp Vorburger
Batting: RHB Kenneth Noid 0-0: Ball
1-0: Foul Ball, location: 2F
1-1: Ball
2-1: Ball
3-1: Base on Balls
Batting: RHB Joaquín Villarreal 0-0: Called Strike
0-1: Ball
1-1: Foul Ball, location: 2F
1-2: SINGLE (Line Drive, 5D)
Kenneth Noid to second
Batting: RHB Isuru Tanaka 0-0: Ball
1-0: SINGLE (Line Drive, 6M)
Kenneth Noid to third
Joaquín Villarreal to second
Batting: SHB António Zúñiga 0-0: GRAND SLAM HOME RUN (Flyball, 9D), Distance : 384 ft
Batting: LHB Michael Malloy 0-0: Ball
1-0: Swinging Strike
1-1: Ball
2-1: Swinging Strike
2-2: Ball
3-2: Foul Ball, location: 2F
3-2: Foul Ball, location: 2F
3-2: Fly out, F6 (Popup, P)
Batting: RHB Joe Dundee 0-0: Swinging Strike
0-1: Called Strike
0-2: Strikes out looking
Batting: LHB Gareth Monahan 0-0: SINGLE (Line Drive, 8RS)
Batting: SHB Horatio McAllister 0-0: Fly out, F7 (Line Drive, 7)
Top of the 3rd over - 4 run(s), 4 hit(s), 0 error(s), 1 left on base; Walla Walla 4 - Gwinnett County 3
BOTTOM OF THE 3RD
Gwinnett County Black Cats batting - Pitching for Walla Walla Walleye : RHP Anatoly Ivanovich
Batting: RHB Cosmo Bjorkenheim 0-0: Called Strike
0-1: Ball
1-1: Ball
2-1: Ball
3-1: Base on Balls
Batting: RHB Bobby Butterfield 0-0: Called Strike
Cosmo Bjorkenheim steals 2nd base
0-1: Fly out, F6 (Popup, 6D)
Batting: RHB Aaron Taylor 0-0: Ball
1-0: Ball
2-0: Called Strike
2-1: Ground out 1-3 (Groundball, 15S)
Batting: RHB King Tracy 0-0: Called Strike
0-1: Swinging Strike
0-2: Ground out 1-3 (Groundball, 15S)
Bottom of the 3rd over - 0 run(s), 0 hit(s), 0 error(s), 1 left on base; Walla Walla 4 - Gwinnett County 3
TOP OF THE 4TH
Walla Walla Walleye batting - Pitching for Gwinnett County Black Cats : RHP Phillipp Vorburger
Batting: RHB Carey Heidemann 0-0: Ball
1-0: SINGLE (Groundball, 4MD)
Batting: RHB Kenneth Noid 0-0: Foul Ball, location: 2F
0-1: Foul Ball, location: 2F
0-2: Ball
1-2: Foul Ball, location: 2F
1-2: Strikes out swinging
Batting: RHB Joaquín Villarreal 0-0: Fielders Choice at 2nd, 5-4 (Groundball, 56)
Batting: RHB Isuru Tanaka 0-0: Called Strike
0-1: Fly out, F8 (Flyball, 8RS)
Top of the 4th over - 0 run(s), 1 hit(s), 0 error(s), 1 left on base; Walla Walla 4 - Gwinnett County 3
BOTTOM OF THE 4TH
Gwinnett County Black Cats batting - Pitching for Walla Walla Walleye : RHP Anatoly Ivanovich
Batting: RHB Sidney Mackell 0-0: Called Strike
0-1: Foul Ball, location: 2F
0-2: Ball
1-2: Foul Ball, location: 2F
1-2: Foul Ball, location: 2F
1-2: Fly out, F9 (Line Drive, 9S)
Batting: RHB Wallis Fortuna 0-0: Called Strike
0-1: Called Strike
0-2: Strikes out swinging
Batting: LHB Darrell Woodmansee 0-0: Swinging Strike
0-1: Called Strike
0-2: Ground out 4-3 (Groundball, 4)
Bottom of the 4th over - 0 run(s), 0 hit(s), 0 error(s), 0 left on base; Walla Walla 4 - Gwinnett County 3
TOP OF THE 5TH
Walla Walla Walleye batting - Pitching for Gwinnett County Black Cats : RHP Phillipp Vorburger
Batting: SHB António Zúñiga 0-0: SINGLE (Line Drive, 56D)
Batting: LHB Michael Malloy 0-0: Ball
1-0: DOUBLE (Groundball, 3L)
António Zúñiga to third
Runner from 3rd tries for Home, SAFE, no throw
Batting: RHB Joe Dundee 0-0: Called Strike
0-1: Ball
1-1: Called Strike
1-2: Foul Ball, location: 2F
1-2: Ball
2-2: Foul Ball, location: 2F
2-2: Strikes out swinging
Batting: LHB Gareth Monahan 0-0: Called Strike
0-1: Called Strike
0-2: Ball
1-2: Ball
2-2: Ball
3-2: Strikes out swinging
Batting: SHB Horatio McAllister 0-0: Fly out, F6 (Popup, 6D)
Top of the 5th over - 1 run(s), 2 hit(s), 0 error(s), 1 left on base; Walla Walla 5 - Gwinnett County 3
BOTTOM OF THE 5TH
Gwinnett County Black Cats batting - Pitching for Walla Walla Walleye : RHP Anatoly Ivanovich
Batting: RHB Luis Guerrero 0-0: Bunted foul
0-1: Ball
1-1: Swinging Strike
1-2: Strikes out swinging
Batting: RHB Dave Shaw 0-0: Ball
1-0: Called Strike
1-1: SINGLE (Groundball, 3D)
Batting: RHB Cosmo Bjorkenheim 0-0: Called Strike
0-1: Fly out, F7 (Line Drive, 78M)
Batting: RHB Bobby Butterfield 0-0: Called Strike
0-1: Swinging Strike
0-2: Strikes out looking
Bottom of the 5th over - 0 run(s), 1 hit(s), 0 error(s), 1 left on base; Walla Walla 5 - Gwinnett County 3
TOP OF THE 6TH
Walla Walla Walleye batting - Pitching for Gwinnett County Black Cats : RHP Phillipp Vorburger
Batting: RHB Carey Heidemann 0-0: Called Strike
0-1: Ball
1-1: Ground out 6-3 (Groundball, 6)
Batting: RHB Kenneth Noid 0-0: Called Strike
0-1: SINGLE (Line Drive, 7LS)
Batting: RHB Joaquín Villarreal 0-0: Ball
1-0: Hit by Pitch
Kenneth Noid to second
Batting: RHB Isuru Tanaka 0-0: Ball
1-0: SINGLE (Groundball, 25) (infield hit)
Kenneth Noid to third
Joaquín Villarreal to second
Batting: SHB António Zúñiga 0-0: Called Strike
0-1: SINGLE (Groundball, 6MD)
Kenneth Noid scores
Joaquín Villarreal to third
Isuru Tanaka to second
Runner from 3rd tries for Home, SAFE, throw made home
Pitching: LHP Constantino Kent
Batting: LHB Michael Malloy 0-0: Called Strike
Isuru Tanaka steals 3rd base
António Zúñiga to second
0-1: Called Strike
0-2: Ball
1-2: Ball
Wild Pitch!
Isuru Tanaka scores
António Zúñiga to third
2-2: Strikes out swinging
Batting: RHB Joe Dundee 0-0: Ball
1-0: Called Strike
1-1: Ball
2-1: Foul Ball, location: 2F
2-2: Fly out, F8 (Flyball, 8LD)
Top of the 6th over - 3 run(s), 3 hit(s), 0 error(s), 1 left on base; Walla Walla 8 - Gwinnett County 3
BOTTOM OF THE 6TH
Gwinnett County Black Cats batting - Pitching for Walla Walla Walleye : RHP Anatoly Ivanovich
Batting: RHB Aaron Taylor 0-0: Foul Ball, location: 2F
0-1: Foul Ball, location: 2F
0-2: Ball
1-2: Ball
2-2: Foul Ball, location: 2F
2-2: Ball
3-2: Base on Balls
Batting: RHB King Tracy 0-0: Ball
1-0: Ball
2-0: Ball
3-0: Called Strike
3-1: Swinging Strike
3-2: Strikes out swinging
Batting: RHB Sidney Mackell 0-0: Ball
1-0: Called Strike
1-1: Grounds into double play, 6-4-3 (Groundball, 6)
Bottom of the 6th over - 0 run(s), 0 hit(s), 0 error(s), 0 left on base; Walla Walla 8 - Gwinnett County 3
TOP OF THE 7TH
Walla Walla Walleye batting - Pitching for Gwinnett County Black Cats : LHP Constantino Kent
Batting: LHB Gareth Monahan 0-0: Called Strike
0-1: Foul Ball, location: 2F
0-2: Ball
1-2: Strikes out swinging
Batting: SHB Horatio McAllister 0-0: Swinging Strike
0-1: Called Strike
0-2: Ball
1-2: Ball
2-2: Foul Ball, location: 2F
2-2: Ball
3-2: Base on Balls
Batting: RHB Carey Heidemann 0-0: Ball
1-0: Ball
2-0: Called Strike
2-1: Foul Ball, location: 2F
2-2: Fly out, F8 (Flyball, 8LS)
Batting: RHB Kenneth Noid 0-0: Called Strike
Horatio McAllister steals 2nd base
0-1: Foul Ball, location: 2F
0-2: Ball
1-2: Ball
2-2: Foul Ball, location: 2F
2-2: Strikes out swinging
Top of the 7th over - 0 run(s), 0 hit(s), 0 error(s), 1 left on base; Walla Walla 8 - Gwinnett County 3
BOTTOM OF THE 7TH
Gwinnett County Black Cats batting - Pitching for Walla Walla Walleye : RHP Anatoly Ivanovich
Batting: RHB Wallis Fortuna 0-0: Ball
1-0: Foul Ball, location: 2F
1-1: Ball
2-1: Ground out 6-3 (Groundball, 6S)
Pitching: RHP Hugo Ordiales
Batting: LHB Darrell Woodmansee 0-0: Ball
1-0: Called Strike
1-1: Foul Ball, location: 2F
1-2: Strikes out swinging
Batting: RHB Luis Guerrero 0-0: Called Strike
0-1: Swinging Strike
0-2: Ball
1-2: Strikes out swinging
Bottom of the 7th over - 0 run(s), 0 hit(s), 0 error(s), 0 left on base; Walla Walla 8 - Gwinnett County 3
TOP OF THE 8TH
Walla Walla Walleye batting - Pitching for Gwinnett County Black Cats : LHP Constantino Kent
Batting: RHB Joaquín Villarreal 0-0: Ball
1-0: Ball
2-0: Ball
3-0: Called Strike
3-1: Foul Ball, location: 2F
3-2: Strikes out swinging
Batting: RHB Isuru Tanaka 0-0: Called Strike
0-1: Ball
1-1: Called Strike
1-2: Ground out 5-3 (Groundball, 25)
Batting: SHB António Zúñiga 0-0: Foul Ball, location: 2F
0-1: Swinging Strike
0-2: Strikes out swinging
Top of the 8th over - 0 run(s), 0 hit(s), 0 error(s), 0 left on base; Walla Walla 8 - Gwinnett County 3
BOTTOM OF THE 8TH
Gwinnett County Black Cats batting - Pitching for Walla Walla Walleye : RHP Hugo Ordiales
Batting: RHB Dave Shaw 0-0: Ball
1-0: Foul Ball, location: 2F
1-1: Swinging Strike
1-2: Ball
2-2: Ball
3-2: Strikes out swinging
Batting: RHB Cosmo Bjorkenheim 0-0: Ball
1-0: Ball
2-0: Ball
3-0: Base on Balls
Batting: RHB Bobby Butterfield 0-0: Swinging Strike
0-1: Ball
1-1: Ball
2-1: Ball
3-1: DOUBLE (Flyball, 7D)
Cosmo Bjorkenheim to third
Batting: RHB Aaron Taylor 0-0: Ball
1-0: Fly out, F8 (Line Drive, 8LM)
Runner from 3rd tags up, SCORES, no throw
Batting: RHB King Tracy 0-0: Foul Ball, location: 2F
0-1: Swinging Strike
0-2: Ball
1-2: DOUBLE (Flyball, 9LD)
Bobby Butterfield scores
Pitching: LHP Reid Garrett
Batting: RHB Sidney Mackell 0-0: Ball
1-0: Called Strike
1-1: Foul Ball, location: 2F
1-2: Strikes out swinging
Bottom of the 8th over - 2 run(s), 2 hit(s), 0 error(s), 1 left on base; Walla Walla 8 - Gwinnett County 5
TOP OF THE 9TH
Walla Walla Walleye batting - Pitching for Gwinnett County Black Cats : LHP Constantino Kent
Batting: LHB Michael Malloy 0-0: Ball
1-0: Foul Ball, location: 2F
1-1: Fly out, F9 (Flyball, 9)
Batting: RHB Joe Dundee 0-0: Foul Ball, location: 2F
0-1: Foul Ball, location: 2F
0-2: Ball
1-2: Foul Ball, location: 2F
1-2: Ball
2-2: Fly out, F7 (Flyball, 7S)
Pitching: LHP John Orton
Batting: LHB Gareth Monahan 0-0: Foul Ball, location: 2F
0-1: Foul Ball, location: 2F
0-2: Ball
1-2: Ground out 4-3 (Groundball, 4)
Top of the 9th over - 0 run(s), 0 hit(s), 0 error(s), 0 left on base; Walla Walla 8 - Gwinnett County 5
BOTTOM OF THE 9TH
Gwinnett County Black Cats batting - Pitching for Walla Walla Walleye : LHP Reid Garrett
Pitching: RHP Jim Unknown
Batting: RHB Wallis Fortuna 0-0: Called Strike
0-1: Foul Ball, location: 2F
0-2: Strikes out swinging
Batting: LHB Darrell Woodmansee 0-0: Ball
1-0: Called Strike
1-1: Foul Ball, location: 2F
1-2: Ground out 6-3 (Groundball, 6M)
Batting: RHB Luis Guerrero 0-0: Ball
1-0: Called Strike
1-1: Called Strike
1-2: Foul Ball, location: 2F
1-2: Ball
2-2: Ball
3-2: Foul Ball, location: 2F
3-2: Strikes out looking
Bottom of the 9th over - 0 run(s), 0 hit(s), 0 error(s), 0 left on base; Walla Walla 8 - Gwinnett County 5
Friday, December 30th, 2016 - OOTP Baseball 17.12 Build 75